 Dungeon Crawl Stone Soup version 0.28.0-47-ge53b351184 (webtiles) character file.

Game seed: 14482040533057416823

527 firemarshallily the Slasher (level 7, -5/54 HPs)
             Began as a Demonspawn Gladiator on May 1, 2022.
             Was an Initiate of Ashenzari.
             Slain by Pikel
             ... wielding a +2 whip of flaming
              (6 damage)
             ... on level 4 of the Dungeon.
             The game lasted 00:10:39 (4219 turns).

firemarshallily the Slasher (Demonspawn Gladiator)  Turns: 4219, Time: 00:10:40

Health: -5/54      AC:  5    Str: 16    XL:     7   Next: 3%
Magic:  7/7        EV: 12    Int: 10    God:    Ashenzari [......]
Gold:   130        SH:  0    Dex: 14    Spells: 6/6 levels left

rFire   . . .      SeeInvis .   a - +0 long sword
rCold   . . .      Faith    .   (no shield)
rNeg    . . .      Spirit   .   b - +0 leather armour
rPois   .          Reflect  .   c - +1 helmet
rElec   .          Harm     .   (no cloak)
rCorr   .          Rampage  .   (gloves unavailable)
Will    .....                   (no boots)
Stlth   +.........              (no amulet)
HPRegen 0.18/turn               l - ring of flight
MPRegen 0.10/turn               (no ring)

@: flying
A: claws 3, foul stench 1, condensation shield, weakness stinger 1
a: Renounce Religion, Curse Item


You were on level 4 of the Dungeon.
You worshipped Ashenzari.
Ashenzari was noncommittal.
You visited 1 branch of the dungeon, and saw 4 of its levels.

You collected 130 gold pieces.

Inventory:

Hand Weapons
 a - a +0 long sword (weapon)
Missiles
 d - a throwing net (quivered)
 i - 101 stones
Armour
 b - a +0 leather armour (worn)
 c - a +1 helmet (worn)
 t - a +0 scale mail
 v - a +0 ring mail
Jewellery
 l - a ring of flight (left claw)
Scrolls
 f - a scroll of immolation {unknown}
 g - a scroll of fear {unknown}
 k - a scroll of summoning {unknown}
 m - a scroll of silence {unknown}
 n - a scroll of teleportation {unknown}
 o - a scroll of enchant armour
 p - a scroll of blinking {unknown}
 r - 2 scrolls of identify {unknown}
 s - a scroll of vulnerability {unknown}
Potions
 h - a potion of attraction {unknown}
 j - a potion of mutation {unknown}
 q - a potion of curing {unknown}
 u - a potion of flight


   Skills:
 + Level 4.1 Fighting
 * Level 5.3 Long Blades
 - Level 2.0 Throwing
 + Level 2.9 Armour
 - Level 3.0 Dodging


You had 6 spell levels left.
You didn't know any spells.
Your spell library contained the following spells:

 Spells                   Type           Power      Damage    Failure   Level
 Passage of Golubria      Tloc           0%         N/A       99%         4
 Silence                  Hex/Air        0%         N/A       100%        5
 Lehudib's Crystal Spear  Conj/Erth      0%         10d2      100%        8


Dungeon Overview and Level Annotations

Branches:
Dungeon (4/15)
 Temple: D:4-7

Altars:
Ashenzari

Annotations:
D:4 Pikel


Innate Abilities, Weirdness & Mutations

You have claws for hands.
You may rarely emit foul miasma when damaged in melee.
A meltable shield of frost defends you. (SH +0)
You have a small tail.


Message History

The hound skeleton is almost destroyed.
The hound skeleton misses you. The hound skeleton closely misses you.
You completely miss the hound skeleton.
The hound skeleton is almost destroyed.
The hound skeleton closely misses you.
It was a potion of flight.
You feel more buoyant.
It was a potion of heal wounds.
You feel much better. The orc closely misses you.
You barely miss the orc.
Your tail-slap misses the orc.
The orc hits you with a +0 club.
You closely miss the orc. The orc hits you with a +0 club.
You slash the orc!
You kill the orc!
A lemure comes into view.
You slash Pikel!
Your tail-slap misses Pikel.
You claw Pikel.
Pikel is moderately wounded.
Pikel hits you with a +2 whip of flaming!
Your condensation shield dissipates!
Pikel burns you.
You hear a shout!
Unknown command.
You hit Pikel but do no damage.
Pikel is moderately wounded.
Pikel hits you with a +2 whip of flaming!
* * * LOW HITPOINT WARNING * * *
Pikel burns you.
* * * LOW HITPOINT WARNING * * *
Pikel hits you but does no damage.
You slash Pikel!
Pikel is severely wounded.
You hear a shout!
Pikel zaps a wand.
The puff of flame hits you!
* * * LOW HITPOINT WARNING * * *
Unknown command.
As you read the scroll labelled PERIANU ADWE RUIG, it crumbles to dust.
It is a scroll of enchant armour.
Your +0 helmet glows green for a moment.
Pikel hits you with a +2 whip of flaming.
You die...

......# #######.
.....##
####..##...
#....###.........#
#.......####.....
#####......##
#.....
#....#....##
#..### #......#..#
##.# ##..###..#.#
#..###
##...#@#...##
##.>..
##..##K##..##
#...# #...#5#....#
##..#
#..##Z##..### #...
....#Z#Z..##
.........# ####.#
..## ##########
..# .## ?.. ## #[.


You could see Pikel, a lemure, a hound skeleton and a howler monkey skeleton.

Vanquished Creatures
  An ogre (D:4)
  A centaur (D:3)
  3 hounds (D:4)
  An orc wizard (D:4)
  An iguana (D:4)
  10 adders
  4 gnolls (D:3)
  A white imp (D:4)
  An ufetubus (D:4)
  A worm (D:3)
  A dart slug (D:1)
  5 orcs
  7 bats
  9 endoplasms
  4 giant cockroaches
  9 goblins
  5 hobgoblins
  7 jackals
  4 quokkas
  A ball python (D:3)
  4 kobolds
  3 rats
83 creatures vanquished.

Notes
Turn   | Place    | Note
-------+----------+-------------------------------------------
     0 | D:1      | firemarshallily the Demonspawn Gladiator began the quest
                  | for the Orb.
     0 | D:1      | Reached XP level 1. HP: 16/16 MP: 1/1
   295 | D:1      | Gained mutation: You may rarely emit foul miasma when
                  | damaged in melee. [demonic ancestry]
   295 | D:1      | Reached XP level 2. HP: 22/22 MP: 2/2
   511 | D:1      | HP: 1/22 [jackal (2)]
   513 | D:1      | Reached skill level 3 in Long Blades
  1173 | D:2      | Discovered your monstrous ancestry.
  1173 | D:2      | Gained mutation: You have a small tail. [demonic ancestry]
  1173 | D:2      | Reached XP level 3. HP: 28/28 MP: 3/3
  1251 | D:2      | Found a faded altar of an unknown god.
  1261 | D:2      | Prayed at the altar of an unknown god.
  1261 | D:2      | Became a worshipper of Ashenzari the Shackled
  1982 | D:3      | Reached skill level 1 in Armour
  2124 | D:3      | Gained mutation: You have sharp fingernails. [demonic
                  | ancestry]
  2124 | D:3      | Reached XP level 4. HP: 29/34 MP: 4/4
  2783 | D:3      | Noticed a centaur
  2790 | D:3      | Killed a centaur
  2791 | D:3      | Reached skill level 4 in Long Blades
  2791 | D:3      | Gained mutation: A meltable shield of frost defends you.
                  | (SH +0) [demonic ancestry]
  2791 | D:3      | Reached XP level 5. HP: 36/41 MP: 5/5
  3722 | D:4      | Gained mutation: You have very sharp fingernails. [demonic
                  | ancestry]
  3722 | D:4      | Reached XP level 6. HP: 45/47 MP: 6/6
  4187 | D:4      | Reached skill level 5 in Long Blades
  4203 | D:4      | Gained mutation: You have claws for hands. [demonic
                  | ancestry]
  4203 | D:4      | Reached XP level 7. HP: 15/54 MP: 7/7
  4206 | D:4      | Noticed Pikel
  4218 | D:4      | HP: 1/54 [Pikel/puff of flame (9)]
  4219 | D:4      | Slain by Pikel

Illustrated notes

Levels and vault maps discovered:
D:1:      wander_arrival_lonely_grave, layout_loops_ring, hex_medium
D:2:      layout_loops_corners, shapermc_ecumenical_altar_pompeii
D:3:      layout_basic
D:4:      layout_layer_cave, minmay_vboxes, uniq_pikel

Skill      XL: |  1  2  3  4  5  6 |
---------------+-------------------+-----
Throwing       | 2 |  2.0
Dodging        | 3 |  3.0
Long Blades    | 3 4 5 |  5.3
Armour         | 1 2 |  2.9
Fighting       | 3 4 |  4.1

Action                   |  1- 3 |  4- 6 |  7- 9 || total
-------------------------+-------+-------+-------++-------
Melee: Long sword        |    84 |   128 |    14 ||   226
       Punch             |     1 |     2 |     1 ||     4
       Tailslap          |     3 |    15 |     2 ||    20
Throw: Stone             |       |     8 |       ||     8
       Throwing net      |       |     2 |       ||     2
  Use: Potion            |       |       |     2 ||     2
       Scroll            |       |       |     1 ||     1
 Stab: Sleeping          |     3 |       |       ||     3
Armor: Leather armour    |    33 |    29 |     3 ||    65
Dodge: Dodged            |    45 |    83 |     9 ||   137
Block: Other             |       |    18 |     1 ||    19
